 Dungeon Crawl Stone Soup version 0.23.0-3-gf3c87f2df8 (webtiles) character file.

Game seed: 41507642847357715

267270 KamiKatze the Executioner (level 19, -3/270 HPs)
             Began as a Minotaur Berserker on Feb 21, 2019.
             Was the Champion of Trog.
             Slain by a titanic slime creature (72 damage)
             ... on level 3 of the Vaults.
             The game lasted 02:30:04 (32745 turns).

KamiKatze the Executioner (Minotaur Berserker)     Turns: 32745, Time: 02:30:05

Health: -3/270     AC: 29    Str: 34    XL:     19   Next: 34%
Magic:  0/6        EV: 17    Int:  6    God:    Trog [******]
Gold:   1950       SH:  0    Dex: 11    Spells: 18/18 levels left

rFire    . . .     SeeInvis +   a - +3 executioner's axe (antimagic)
rCold    . . .     Gourm    .   (shield currently unavailable)
rNeg     . . .     Faith    .   H - +2 plate armour {MR+}
rPois    .         Spirit   +   i - +2 hat
rElec    .         Reflect  .   G - scarf {Spirit}
rCorr    .         Harm     .   n - +1 pair of gloves
MR       ++++.                  S - +2 pair of boots {run}
Stlth    ..........             f - amulet of Creativity {Regen+ Int+2}
HPRegen  1.95/turn              N - ring "Okhi" {Slay+3 Stlth+}
MPRegen  0.10/turn              r - ring of see invisible

@: berserking, lethally poisoned (-3 -> -3), regenerating, very quick
A: retaliatory headbutt, horns 2
}: 2/15 runes: decaying, gossamer
a: Berserk, Trog's Hand, Brothers in Arms, Renounce Religion


You were on level 3 of the Vaults.
You worshipped Trog.
Trog was exalted by your worship.
You were near starving.

You visited 7 branches of the dungeon, and saw 35 of its levels.

You collected 3047 gold pieces.
You spent 1097 gold pieces at shops.

Inventory:

Hand Weapons
 a - a +3 antimagic executioner's axe (weapon)
 b - a +8 broad axe of flaming
 w - a +4 antimagic battleaxe
 C - a +5 battleaxe of electrocution
Missiles
 v - 52 tomahawks (quivered)
 I - 3 throwing nets
Armour
 i - a +2 hat (worn)
 n - a +1 pair of gloves (worn)
 G - a scarf of spirit shield (worn)
 H - a +2 plate armour of magic resistance (worn)
 S - a +2 pair of boots of running (worn)
Jewellery
 f - the amulet of Creativity (around neck) {Regen+ Int+2}
   (You bought it in a shop on level 2 of the Orcish Mines)

   [amulet of regeneration]

   It affects your intelligence (+2).
   It increases your rate of regeneration.
 l - a +3 ring of strength
 m - an uncursed ring of protection from fire
 r - a ring of see invisible (right hand)
 E - an uncursed ring of protection from fire
 N - the ring "Okhi" (left hand) {Slay+3 Stlth+}
   (You found it on level 8 of the Dungeon)

   [ring of stealth]

   It affects your accuracy and damage with ranged weapons and melee attacks
   (+3).
   It makes you more stealthy.
 T - a +6 ring of evasion
 V - an uncursed ring of resist corrosion
Wands
 t - a wand of acid (19)
 u - a wand of iceblast (27)
 x - a wand of digging (9)
 D - a wand of clouds (7)
 K - a wand of flame (43)
 L - a wand of polymorph (5)
 Q - a wand of disintegration (7)
Scrolls
 k - 6 scrolls of magic mapping
 p - 16 scrolls of remove curse
 y - 15 scrolls of teleportation
 z - 2 scrolls of summoning
 A - 2 scrolls of fear
 B - 3 scrolls of fog
 F - 10 scrolls of identify
 J - a scroll of enchant weapon
 O - a scroll of holy word
 Z - 2 scrolls of blinking
Potions
 e - 13 potions of curing
 g - 5 potions of lignification
 h - 5 potions of heal wounds
 o - 5 potions of cancellation
 q - 3 potions of ambrosia
 s - 4 potions of haste
 M - 6 potions of flight
 R - 2 potions of invisibility
 W - a potion of berserk rage
 Y - 5 potions of might
Comestibles
 c - 60 rations
 d - a chunk of flesh


   Skills:
 + Level 18.3 Fighting
 * Level 24.1 Axes
 + Level 18.3 Armour
 + Level 16.9 Dodging
   Level 4.0 Shields
 - Level 2.0 Evocations


You had 18 spell levels left.
You didn't know any spells.
Your spell library was empty.

Dungeon Overview and Level Annotations

Branches:
Dungeon (15/15)            Temple (1/1) D:6            Lair (6/6) D:11
  Swamp (4/4) Lair:2       Spider (4/4) Lair:3        Slime (0/5) Lair:5
    Orc (2/2) D:9             Elf (0/3) Orc:2        Vaults (3/5) D:14
 Depths (0/5) D:15
  Crypt: Vaults:2-3

Altars:
Ashenzari
Cheibriados
Dithmenos
Elyvilon
Fedhas
Gozag
Hepliaklqana
Kikubaaqudgha
Makhleb
Nemelex Xobeh
Okawaru
Qazlal
Ru
Sif Muna
Trog
Uskayaw
Vehumet
Wu Jian
Xom
Yredelemnul
Zin
The Shining One
Beogh

Shops:
D:5 *   D:6 (   D:10 ?   D:11 %   D:14 !   Orc:2 =[*(?

Portals:
Trove: Vaults:1 (show abyssal rune of Zot)

Annotations:
D:8 2 runed translucent doors, iano21's ghost, novice DsNe
D:14 2 transporters, Uummannaq's ghost, journeyman MiFi
Spider:1 3 runed translucent doors, Zosacw's ghost, adept HaHu
Orc:1 2 transporters, Kass's ghost, adept GrFi
Vaults:2 1 runed translucent door, exclusions: door and orange crystal statue, rayg00n's ghost, adept DrAE
Vaults:3 Sojobo


Innate Abilities, Weirdness & Mutations

You reflexively headbutt those who attack you in melee.
You have a pair of horns on your head.


Message History

Unknown command.
Your skin crawls.
You feel resistant to hostile enchantments.
You feel somewhat more hungry. The boggart closely misses you.
Sojobo hits you with a +0 great sword of protection!
* * * LOW HITPOINT WARNING * * *
Sojobo pecks you but does no damage. Sojobo completely misses you.
The tengu reaver hits you but does no damage.
The titanic slime creature misses you. You furiously retaliate!
You headbutt the titanic slime creature!
The wizard hits you but does no damage.
You are poisoned.
The boggart completely misses you.
A red film seems to cover your vision as you go berserk!
You feel yourself moving faster!
You feel mighty!
You are near starving!
You feel sick.
The vault guard hits you but does no damage. x2
The titanic slime creature hits you!!!!
You die... .....# ..#..# #......# ..#..# #......# ###..# #......# ..#..# #......# ..#..# #..p...# .....# Wpp...

################g#'####.
...)...........p@po.....
...............JQp......
..."...........)QJ......
....=...........*.......
.............(..........
##############+#########
.. ... ...


You could see Sojobo, an ironheart preserver, a vault warden, a tengu reaver, 3
vault guards, a titanic slime creature, a slime creature, a freezing wraith, a
wizard (invisible), a boggart, a battlesphere and an orc.

Vanquished Creatures
  the Lernaean hydra (Swamp:3)
  Arachne (Spider:4)
  Rupert (D:13)
  Frances (Spider:2)
  Gastronok (Lair:2)
  A thorn hunter (Swamp:3)
  Kirke (Lair:4)
  2 tengu reavers
  A fire giant (Vaults:1)
  3 vault wardens
  Louise (D:14)
  4 emperor scorpions
  4 ghost moths (Spider:4)
  2 ironheart preservers
  A very ugly thing (Swamp:3)
  A ghoul (Vaults:1)
  4 stone giants
  5 entropy weavers
  3 spark wasps (Spider:4)
  Josephine (Lair:4)
  2 yaktaur captains
  2 fire dragons
  A great orb of eyes (Vaults:1)
  2 rakshasas (Vaults:1)
  3 ice dragons
  8 vault guards
  21 hydras
  A catoblepas (D:14)
  2 shambling mangroves
  14 alligators
  3 death yaks
  5 two-headed ogres
  A deep troll shaman (Vaults:2)
  5 death knights
  8 centaur warriors
  An ogre mage (Vaults:1)
  An orc high priest (Orc:2)
  Sonja (Orc:2)
  4 skeletal warriors
  3 spriggan druids
  3 unseen horrors
  2 deep trolls (Vaults:2)
  11 swamp dragons
  2 wizards
  2 necromancers
  9 ironbrand convokers
  4 deep elf magi (D:15)
  7 orc knights
  A deep elf archer (Vaults:1)
  A phantasmal warrior (D:14)
  20 orb spiders
  5 orc sorcerers
  2 oklob plants (Spider:3)
  27 ugly things
  40 wolf spiders
  4 elephants (Lair:3)
  3 cyclopes
  A centaur zombie (D:15)
  A manticore (D:14)
  8 vault sentinels
  A guardian serpent (Lair:6)
  13 black mambas
  3 gargoyles
  A storm dragon simulacrum (Vaults:1)
  19 spiny frogs
  5 freezing wraiths
  9 yaktaurs
  2 efreet (D:14)
  22 demonic crawlers
  A spiny frog (shapeshifter) (Vaults:3)
  8 komodo dragons
  A yaktaur skeleton (Vaults:1)
  5 trolls
  A tengu conjurer (D:13)
  26 jumping spiders
  A human skeleton (Vaults:1)
  8 tyrant leeches
  11 polar bears
  19 hornets
  Grinder (D:3)
  3 raiju (Lair:6)
  13 dream sheep
  3 bog bodies
  29 slime creatures
  32 blink frogs
  A frost giant simulacrum (Vaults:2)
  A stone giant simulacrum (Vaults:2)
  11 hippogriffs
  3 centaur simulacra (D:15)
  4 shadows
  A spriggan (Swamp:4)
  2 vampires
  62 redbacks
  A spriggan (shapeshifter) (Vaults:2)
  37 tarantellas
  10 wraiths
  6 hogs (Lair:4)
  48 yaks
  13 wyverns
  3 basilisks
  Grum (D:8)
  A human simulacrum (Vaults:1)
  A steam dragon (D:11)
  2 yaktaur simulacra (Vaults:3)
  2 hungry ghosts (D:11)
  15 vampire mosquitoes
  4 wargs (Lair:6)
  11 swamp worms
  6 insubstantial wisps
  A naga (shapeshifter) (Vaults:1)
  14 hell hounds (Lair:6)
  2 acid dragons
  10 porcupines
  A soldier ant (D:13)
  26 water moccasins
  29 orc warriors
  10 ice beasts
  4 sky beasts
  Purgy (D:3)
  13 black bears
  16 ogres
  13 swamp drakes
  6 necrophages
  3 phantoms
  14 boggarts
  28 wolves
  6 crocodiles
  21 centaurs
  2 big kobolds (D:11)
  A wyvern zombie (D:11)
  15 bullfrogs
  A gnoll sergeant (D:5)
  A wyvern skeleton (D:10)
  2 scorpions
  21 killer bees
  A howler monkey (D:4)
  11 crimson imps
  10 hounds
  2 quasits
  7 jellies
  2 bullfrog skeletons (D:11)
  24 orc priests
  8 centaur skeletons
  50 orc wizards
  Jessica (D:2)
  Ijyb (D:3)
  6 iguanas
  8 worker ants
  A hell rat (D:11)
  Terence (D:3)
  A hound zombie (D:11)
  A worker ant zombie (D:5)
  13 gnolls
  19 adders
  2 river rats (D:11)
  7 shadow imps
  A white imp (Vaults:2)
  4 oozes
  An adder skeleton (D:9)
  An adder zombie (D:4)
  2 leopard geckos
  126 orcs
  A ball python (D:3)
  2 giant cockroaches (D:6)
  9 goblins
  4 hobgoblins
  20 jackals
  13 kobolds
  5 quokkas
  6 bats
  7 frilled lizards
  A goblin skeleton (D:6)
  3 goblin zombies (D:6)
  A hobgoblin zombie (D:6)
  A jackal zombie (D:8)
  A kobold skeleton (D:6)
  2 kobold zombies (D:6)
  2 orc zombies (D:6)
  A quokka skeleton (D:4)
  9 rats
  6 fungi
  3 plants (Lair:6)
1432 creatures vanquished.

Vanquished Creatures (collateral kills)
  Asterion (Spider:1)
  A tengu conjurer (D:13)
  3 orcs (D:13)
5 creatures vanquished.

Vanquished Creatures (others)
  An alligator (Swamp:4)
  A wolf spider (Spider:1)
  A hornet (Swamp:4)
  A swamp drake (Swamp:4)
  An orc (D:11)
  13 fungi
  33 plants
51 creatures vanquished.

Grand Total: 1488 creatures vanquished

Notes
Turn   | Place    | Note
-------+----------+-------------------------------------------
     0 | D:1      | KamiKatze the Minotaur Berserker began the quest for the
                  | Orb.
     0 | D:1      | Reached XP level 1. HP: 19/19 MP: 0/0
   379 | D:1      | Reached XP level 2. HP: 27/27 MP: 1/1
   463 | D:1      | Reached skill level 4 in Axes
   841 | D:1      | You fall through a shaft!
   856 | D:2      | Noticed Jessica
   880 | D:2      | Killed Jessica
   880 | D:2      | Reached XP level 3. HP: 25/33 MP: 2/2
  1059 | D:2      | Reached ** piety under Trog
  1059 | D:2      | Reached XP level 4. HP: 34/40 MP: 3/3
  1501 | D:3      | Reached skill level 5 in Axes
  1639 | D:3      | Reached XP level 5. HP: 44/47 MP: 4/4
  1670 | D:3      | Noticed Purgy
  1692 | D:3      | Killed Purgy
  1873 | D:3      | Noticed Terence
  1883 | D:3      | Killed Terence
  1883 | D:3      | Reached XP level 6. HP: 55/55 MP: 3/5
  2093 | D:3      | Noticed Ijyb
  2101 | D:3      | Killed Ijyb
  2101 | D:3      | Reached skill level 6 in Axes
  2324 | D:3      | Reached skill level 5 in Fighting
  2404 | D:3      | Found an ornate altar of the Wu Jian Council.
  2442 | D:4      | Noticed Grinder
  2462 | D:3      | Killed Grinder
  2462 | D:3      | Reached XP level 7. HP: 42/61 MP: 3/6
  2721 | D:4      | Found a blossoming altar of Fedhas.
  2774 | D:4      | Reached skill level 7 in Axes
  2823 | D:4      | Reached *** piety under Trog
  2823 | D:4      | Reached skill level 5 in Armour
  3137 | D:5      | Entered Level 5 of the Dungeon
  3241 | D:5      | Reached skill level 8 in Axes
  3241 | D:5      | Reached skill level 5 in Dodging
  3241 | D:5      | Reached XP level 8. HP: 63/70 MP: 5/7
  3573 | D:5      | Found Qigait's Assorted Antiques.
  3579 | D:5      | Bought a metallic grey potion for 15 gold pieces
  3579 | D:5      | Bought a silvery potion for 15 gold pieces
  3579 | D:5      | Bought a scroll labeled IQUSME WUELITH for 17 gold pieces
  3815 | D:5      | Reached skill level 9 in Axes
  3826 | D:5      | Found a bloodstained altar of Trog.
  3870 | D:5      | Reached **** piety under Trog
  4081 | D:6      | Reached XP level 9. HP: 61/79 MP: 8/8
  4180 | D:6      | Found a sparkling altar of Nemelex Xobeh.
  4192 | D:6      | Got a pitted large shield
  4212 | D:6      | Found Kaecse's Weapon Shoppe.
  4286 | D:6      | Found a glowing golden altar of the Shining One.
  4420 | D:6      | Reached skill level 10 in Axes
  4555 | D:6      | Found a basalt altar of Yredelemnul.
  4679 | D:6      | Found a deep blue altar of Sif Muna.
  4775 | D:6      | Found a staircase to the Ecumenical Temple.
  4785 | Temple   | Entered the Ecumenical Temple
  5039 | D:7      | Found a blossoming altar of Fedhas.
  5190 | D:7      | Reached ***** piety under Trog
  5565 | D:8      | Noticed Grum
  5567 | D:8      | Reached skill level 11 in Axes
  5574 | D:8      | Received a gift from Trog
  5588 | D:8      | Killed Grum
  5588 | D:8      | Reached XP level 10. HP: 45/90 MP: 5/9
  5668 | D:8      | Found a stormy altar of Qazlal.
  5778 | D:8      | Got a warped golden ring
  5859 | D:8      | Noticed a purple ugly thing
  5881 | D:8      | Killed a purple ugly thing
  5996 | D:8      | Found a shattered altar of Ashenzari.
  5996 | D:8      | Found a bloodstained altar of Trog.
  6078 | D:8      | Found a large runed translucent door.
  6078 | D:8      | Found a large runed translucent door.
  6079 | D:8      | Noticed iano21's ghost (novice DsNe)
  6519 | D:9      | Found a staircase to the Orcish Mines.
  6913 | D:9      | Reached skill level 1 in Evocations
  7104 | D:10     | Entered Level 10 of the Dungeon
  7117 | D:10     | Paralysed by a hornet for 2 turns
  7126 | D:10     | Reached skill level 12 in Axes
  7198 | D:10     | Found Halir Pig's Magic Scroll Shoppe.
  7932 | D:11     | Noticed a six-headed hydra
  7959 | D:10     | Killed a six-headed hydra
  7959 | D:10     | Reached XP level 11. HP: 36/99 MP: 3/11
  8113 | D:11     | Reached skill level 13 in Axes
  8327 | D:11     | Reached skill level 10 in Fighting
  8366 | D:11     | Found Yfalop's Food Boutique.
  8482 | D:11     | Noticed a death yak
  8482 | D:11     | Noticed a two-headed ogre
  8534 | D:11     | Killed a death yak
  8555 | D:11     | Noticed a death yak
  8555 | D:11     | Noticed a death yak
  8565 | D:11     | Killed a death yak
  8565 | D:11     | Reached skill level 10 in Armour
  8632 | D:10     | Killed a death yak
  8780 | D:11     | Found a staircase to the Lair.
  8920 | D:11     | Identified the ring "Okhi" {Slay+3 Stlth+} (You found it on
                  | level 8 of the Dungeon)
  9011 | D:11     | Identified the +9 large shield of Masochism {Slay+3} (You
                  | found it on level 6 of the Dungeon)
  9015 | D:11     | Killed a two-headed ogre
  9065 | Lair:1   | Entered Level 1 of the Lair of Beasts
  9103 | D:11     | Identified a scroll of acquirement
  9107 | D:11     | Got bloodstained swamp dragon scales
  9118 | D:11     | Identified the +2 swamp dragon scales of Shielding {rPois
                  | rC+ MR++ Str+3} (You acquired it on level 11 of the
                  | Dungeon)
  9168 | Lair:1   | Reached skill level 14 in Axes
  9286 | Lair:1   | Received a gift from Trog
  9414 | Lair:1   | Reached XP level 12. HP: 91/108 MP: 12/12
  9469 | Lair:1   | Reached skill level 10 in Dodging
 10046 | Lair:2   | Noticed Gastronok
 10073 | Lair:2   | Killed Gastronok
 10073 | Lair:2   | Reached skill level 15 in Axes
 10151 | Lair:2   | Noticed an eight-headed hydra
 10167 | Lair:2   | Killed an eight-headed hydra
 10188 | Lair:2   | Found a staircase to the Swamp.
 10664 | Lair:2   | Noticed a six-headed hydra
 10684 | Lair:2   | Killed a six-headed hydra
 10925 | Lair:3   | Noticed a five-headed hydra
 11064 | Lair:2   | Killed a five-headed hydra
 11096 | Lair:3   | Received a gift from Trog
 11260 | Lair:3   | Reached skill level 16 in Axes
 11261 | Lair:3   | Reached XP level 13. HP: 118/118 MP: 13/13
 11304 | Lair:3   | Identified a +1 pair of boots of running (You acquired it
                  | on level 3 of the Lair of Beasts)
 11548 | Lair:3   | Found a hole to the Spider Nest.
 11822 | Lair:4   | Noticed Kirke
 11839 | Lair:4   | Killed Kirke
 12063 | Lair:4   | Noticed Josephine
 12072 | Lair:4   | Killed Josephine
 12776 | Lair:5   | Reached skill level 17 in Axes
 12880 | Lair:5   | Received a gift from Trog
 13218 | Lair:5   | Found a staircase to the Slime Pits.
 14007 | Orc:1    | Entered Level 1 of the Orcish Mines
 14179 | Orc:2    | Entered Level 2 of the Orcish Mines
 14179 | Orc:2    | Found a staircase to the Elven Halls.
 14196 | Orc:2    | Noticed Sonja
 14209 | Orc:2    | Killed Sonja
 14270 | Orc:2    | Found Ura Giuv's Magic Scroll Emporium.
 14484 | Orc:1    | Noticed Kass's ghost (adept GrFi)
 14557 | Orc:1    | Found a transporter.
 14561 | Orc:1    | Found a transporter.
 14848 | Orc:2    | Reached XP level 14. HP: 106/129 MP: 3/14
 14851 | Orc:2    | Received a gift from Trog
 15159 | Orc:2    | Found Meupn's Weapon Shop.
 15159 | Orc:2    | Found Deroapha's General Store.
 15160 | Orc:2    | Found Kett's Jewellery Boutique.
 15163 | Orc:2    | Found Gykiefizog's Armour Boutique.
 15422 | Orc:2    | Bought an uncursed ring of see invisible for 195 gold
                  | pieces
 15889 | D:12     | Reached ****** piety under Trog
 15889 | D:12     | Received a gift from Trog
 16254 | D:13     | Reached skill level 18 in Axes
 16305 | D:13     | Noticed Rupert
 16318 | D:13     | Killed Rupert
 16831 | D:14     | Noticed Louise
 16933 | D:14     | Found a gate to the Vaults.
 16933 | D:14     | Noticed an ironheart preserver
 17099 | D:14     | Killed Louise
 17107 | D:14     | Killed an ironheart preserver
 17107 | D:14     | Received a gift from Trog
 17185 | D:14     | Found a transporter.
 17186 | D:14     | Noticed a shadow dragon
 17192 | D:14     | Noticed Uummannaq's ghost (journeyman MiFi)
 17258 | D:14     | Found Ruluex's Distillery.
 17530 | D:14     | Found a transporter.
 17533 | D:14     | Found a hazy altar of Hepliaklqana.
 17857 | D:15     | Entered Level 15 of the Dungeon
 18017 | D:15     | Reached skill level 19 in Axes
 18017 | D:15     | Reached XP level 15. HP: 114/139 MP: 3/15
 18053 | D:15     | Found a staircase to the Depths.
 18662 | D:10     | Bought a scroll of brand weapon for 320 gold pieces
 18913 | Swamp:1  | Entered Level 1 of the Swamp
 18920 | Swamp:1  | Reached skill level 1 in Shields
 19771 | Swamp:2  | Found a basalt altar of Yredelemnul.
 20334 | Swamp:3  | Received a gift from Trog
 20417 | Swamp:3  | Noticed a thorn hunter
 20422 | Swamp:3  | Killed a thorn hunter
 20429 | Swamp:3  | Reached skill level 15 in Fighting
 20636 | Swamp:3  | Reached skill level 15 in Armour
 20879 | Swamp:4  | Entered Level 4 of the Swamp
 20927 | Swamp:4  | Reached skill level 20 in Axes
 21166 | Swamp:4  | Reached XP level 16. HP: 135/149 MP: 14/16
 21183 | Swamp:4  | Received a gift from Trog
 21196 | Swamp:4  | Noticed the 27-headed Lernaean hydra
 21474 | Swamp:3  | Killed the 23-headed Lernaean hydra
 21968 | Swamp:4  | Got a decaying rune of Zot
 22039 | Swamp:4  | Got a smoking chain mail
 22383 | Lair:1   | Identified the +8 chain mail "Jowop" {Stlth+} (You found it
                  | on level 4 of the Swamp)
 22491 | Spider:1 | Entered Level 1 of the Spider Nest
 22746 | Spider:1 | Received a gift from Trog
 22831 | Spider:1 | Noticed Asterion
 22840 | Spider:1 | Killed Asterion
 22840 | Spider:1 | Reached skill level 21 in Axes
 23304 | Spider:1 | Found a runed translucent gate.
 23305 | Spider:1 | Found a runed translucent gate.
 23306 | Spider:1 | Found a runed translucent gate.
 23306 | Spider:1 | Noticed Zosacw's ghost (adept HaHu)
 23852 | Spider:2 | Noticed Frances
 23870 | Spider:1 | Received a gift from Trog
 24036 | Spider:2 | HP: 4/151 [Frances/+5 glaive of pain (4)]
 24566 | Spider:2 | Killed Frances
 24949 | Spider:2 | Found a roughly hewn altar of Beogh.
 24954 | Spider:2 | Reached XP level 17. HP: 152/158 MP: 15/17
 25105 | Spider:3 | Reached skill level 15 in Dodging
 25648 | Spider:3 | Received a gift from Trog
 25900 | Spider:4 | Entered Level 4 of the Spider Nest
 25995 | Spider:4 | Received a gift from Trog
 26281 | Spider:4 | Reached skill level 22 in Axes
 26984 | Spider:4 | Noticed Arachne
 27024 | Spider:4 | Killed Arachne
 27558 | Spider:4 | Got a gossamer rune of Zot
 27913 | Orc:2    | Bought the amulet of Creativity {Regen+ Int+2} for 535 gold
                  | pieces
 28167 | Lair:6   | Entered Level 6 of the Lair of Beasts
 28305 | Lair:6   | Received a gift from Trog
 28336 | Lair:6   | Reached XP level 18. HP: 169/169 MP: 6/18
 28965 | Lair:6   | Paralysed by a hornet for 1 turns
 29300 | Lair:6   | Received a gift from Trog
 29330 | Lair:6   | Got a polished battleaxe {god gift}
 29335 | Lair:6   | Identified the +4 battleaxe "Itumev" {drain, *Noise rF+
                  | Dex+2} (Trog gifted it to you on level 6 of the Lair of
                  | Beasts)
 29513 | Lair:6   | Reached skill level 23 in Axes
 30026 | Vaults:1 | Entered Level 1 of the Vaults
 30264 | Vaults:1 | Received a gift from Trog
 30607 | Vaults:1 | Found a shattered altar of Ashenzari.
 30944 | Vaults:1 | Received a gift from Trog
 31009 | Vaults:1 | You fall through a shaft!
 31384 | Vaults:2 | Reached XP level 19. HP: 145/179 MP: 6/19
 31697 | Vaults:2 | Received a gift from Trog
 31920 | Vaults:1 | Reached skill level 24 in Axes
 32139 | Vaults:1 | Found a portal to a secret trove of treasure.
 32495 | Vaults:2 | Found a runed translucent door.
 32495 | Vaults:2 | Noticed rayg00n's ghost (adept DrAE)
 32722 | Vaults:3 | Noticed Sojobo
 32722 | Vaults:3 | Received a gift from Trog
 32745 | Vaults:3 | Slain by a titanic slime creature

Skill      XL: |  1  2  3  4  5  6  7  8  9 10 11 12 13 14 15 16 17 18 19 |
---------------+----------------------------------------------------------+-----
Axes           | 4 5 6 8 9 11 12 14 16 17 19 20 21 22 23 24 | 24.1
Fighting       | 4 5 6 7 8 9 10 12 13 14 15 16 17 18 | 18.3
Armour         | 3 4 5 6 8 9 10 11 13 14 15 16 17 18 | 18.3
Dodging        | 3 4 5 6 7 8 9 11 12 13 14 15 16 | 16.9
Evocations     | 2 |  2.0
Shields        | 4 |  4.0

Action                   |  1- 3 |  4- 6 |  7- 9 | 10-12 | 13-15 | 16-18 | 19-21 || total
-------------------------+-------+-------+-------+-------+-------+-------+-------++-------
Melee: Hand axe          |    43 |   105 |   296 |       |       |       |       ||   444
       Headbutt          |     4 |    14 |    65 |   124 |   182 |   310 |    38 ||   737
       War axe           |       |       |    76 |   435 |       |       |       ||   511
       Flail             |       |       |       |    10 |       |       |       ||    10
       Battleaxe         |       |       |       |    27 |   140 |    20 |       ||   187
       Morningstar       |       |       |       |    20 |    10 |       |       ||    30
       Broad axe         |       |       |       |       |   724 |   670 |       ||  1394
       Executioner's axe |       |       |       |       |       |   506 |   191 ||   697
Throw: Tomahawk          |       |       |       |     4 |     3 |     3 |       ||    10
       Stone             |       |       |       |     1 |       |       |       ||     1
Invok: Berserk           |       |     4 |       |     4 |     2 |     4 |     1 ||    15
       Trog's Hand       |       |     1 |     2 |     3 |     3 |     7 |     1 ||    17
       Brothers in Arms  |       |       |       |       |     1 |     1 |       ||     2
Evoke: Wand              |       |       |       |     6 |     6 |       |       ||    12
  Use: Scroll            |       |     1 |    11 |    13 |     9 |     7 |     1 ||    42
       Potion            |       |       |       |       |     3 |     7 |       ||    10
 Stab: Distracted        |       |       |       |       |     2 |       |       ||     2
       Confused          |       |       |       |       |       |     3 |       ||     3
       Invisible         |       |       |       |       |       |     3 |       ||     3
       Sleeping          |       |       |       |       |       |     1 |       ||     1
       Held in net/web   |       |       |       |       |       |     1 |       ||     1
  Eat: Chunk             |       |     8 |    12 |    23 |    33 |    25 |     4 ||   105
       Ration            |       |       |       |     1 |       |     4 |       ||     5
Armor: Scale mail        |    12 |    38 |       |       |       |       |       ||    50
       Chain mail        |       |    13 |   193 |   120 |       |       |       ||   326
       Swamp dragon scal |       |       |       |    59 |   218 |   363 |       ||   640
       Plate armour      |       |       |       |       |       |   221 |    88 ||   309
Dodge: Dodged            |    28 |    70 |   186 |   359 |   697 |  1157 |   178 ||  2675
Block: Buckler           |       |       |       |       |    51 |   229 |       ||   280
       Reflection        |       |       |       |       |     1 |       |       ||     1
